AoeStats
← 青山新雨 夜观星河

African Clearing

506022250Analyzed
4v4 RM · 22d ago on Sep 12, 2026· 54m 6s· 8 players
Game mode
Random Map
Map size
Large (8 player)
Population
200
Speed
Normal
Resources
Standard
Victory
Conquest
Starting age
Dark Age
Ending age
Imperial Age
RankedLock teamsTeams togetherTeam positionsShared explorationLock speedFull tech treeHidden civsTurbo modeCheats
Victory
Defeat
🇨🇳 Franks · China
1268
+13
🇨🇳 Japanese · China
1244
+14
🇮🇳 Britons · India
1160
+18
🇨🇳 Persians · China
1153
+18
🇦🇷 Koreans · Argentina
1317
-21
🇺🇸 Armenians · United States
1236
-17
1161
-14
🇦🇷 Gurjaras · Argentina
1083
-11
MONGO
9:42 Loom
13:30 Feudal Age
17:49 Castle Age
16:26 Double-Bit Axe
19:37 Horse Collar
20:11 Bow Saw
20:18 Fletching
21:13 Bodkin Arrow
28:20 Ballistics
29:23 Padded Archer Armor
35:10 Wheelbarrow
34:43 Heavy Plow
35:48 Gold Mining
40:13 Imperial Age
40:03 Hand Cart
40:09 Herbal Medicine
40:08 Stone Mining
40:53 Gold Shaft Mining
40:26 Elite Composite Bowman
42:09 Chemistry
41:35 Bracer
41:55 Scale Mail Armor
42:41 Conscription
42:04 Pikeman
42:44 Squires
42:59 Halberdier
44:02 Chain Mail Armor
45:14 Plate Mail Armor
44:55 Forging
青山新雨 夜观星河
6:35 Loom
15:43 Feudal Age
19:29 Castle Age
18:53 Double-Bit Axe
20:52 Pikeman
24:24 Horse Collar
26:46 Wheelbarrow
27:56 Scale Mail Armor
32:05 Wheelbarrow
36:14 Bow Saw
38:19 Murder Holes
40:59 Imperial Age
41:43 Chain Mail Armor
41:30 Anarchy
43:15 Halberdier
48:43 Forging
51:15 Hand Cart
Sr. Sam
10:42 Loom
12:44 Feudal Age
16:46 Castle Age
14:42 Double-Bit Axe
18:31 Bow Saw
19:17 Wheelbarrow
22:53 Stone Mining
22:53 Gold Mining
23:08 Town Watch
24:11 Fletching
27:27 Squires
28:22 Treadmill Crane
30:11 Ballistics
29:40 Elite Skirmisher
32:09 Bodkin Arrow
33:31 Horse Collar
34:32 Heavy Plow
34:39 Murder Holes
39:03 Imperial Age
38:11 Stone Shaft Mining
38:11 Gold Shaft Mining
38:14 Eupseong
39:40 Town Patrol
39:55 Hand Cart
40:59 Chemistry
40:06 Bracer
44:22 Light Cavalry
46:15 Conscription
46:40 Hussar
48:14 Husbandry
48:37 Forging
48:32 Scale Barding Armor
Fiducia
16:07 Feudal Age
22:09 Castle Age
23:46 Husbandry
23:59 Bloodlines
23:41 Double-Bit Axe
24:06 Scale Barding Armor
26:40 Forging
28:15 Chain Barding Armor
30:02 Bow Saw
31:09 Iron Casting
43:51 Imperial Age
41:17 Light Cavalry
43:04 Wheelbarrow
44:57 Elite Skirmisher
46:23 Fletching
46:34 Padded Archer Armor
47:42 Elite Shrivamsha Rider
49:06 Leather Archer Armor
Ambarish Choudhary
14:08 Feudal Age
19:02 Castle Age
17:23 Double-Bit Axe
17:43 Loom
19:12 Wheelbarrow
18:32 Horse Collar
24:27 Heavy Plow
24:38 Bow Saw
28:16 Town Watch
30:51 Hand Cart
32:16 Gold Mining
32:17 Stone Mining
35:03 Imperial Age
33:46 Gold Shaft Mining
33:03 Fletching
33:13 Padded Archer Armor
33:46 Bodkin Arrow
35:06 Ballistics
34:29 Treadmill Crane
34:45 Murder Holes
35:01 Masonry
34:34 Treadmill Crane
36:47 Chemistry
35:10 Elite Longbowman
37:34 Yeomen
37:35 Conscription
37:51 Hoardings
37:18 Bracer
37:34 Leather Archer Armor
37:51 Architecture
37:27 Siege Engineers
39:00 Guilds
39:33 Ring Archer Armor
39:05 Scale Mail Armor
39:15 Forging
39:46 Warwolf
41:56 Coinage
41:44 Chain Mail Armor
41:42 Fortified Wall
44:01 Banking
44:20 Squires
44:05 Arson
44:06 Gambesons
46:05 Man-at-Arms
47:16 Plate Mail Armor
47:22 Iron Casting
46:36 Arrowslits
46:41 Guard Tower
46:40 Long Swordsman
47:30 Two-Handed Swordsman
48:19 Champion
51:48 Town Patrol
52:50 Two-Man Saw
52:53 Blast Furnace
53:11 Scale Barding Armor
53:43 Keep
53:20 Careening
53:21 Clinker Construction
53:31 Shipwright
53:17 Siphons
53:03 Heated Shot
52:44 Sappers
班长
13:02 Feudal Age
15:42 Double-Bit Axe
18:29 Castle Age
17:23 Scale Barding Armor
19:12 Husbandry
19:56 Loom
26:33 Chain Barding Armor
28:52 Gold Mining
30:22 Forging
30:12 Stone Mining
31:47 Wheelbarrow
39:29 Bow Saw
43:01 Imperial Age
44:03 Iron Casting
43:09 Cavalier
44:26 Plate Barding Armor
44:17 Conscription
45:44 Blast Furnace
44:55 Paladin
45:31 Fletching
48:57 Gold Shaft Mining
48:22 Bodkin Arrow
48:50 Hand Cart
48:20 Town Watch
50:50 Heavy Scorpion
54:57 Ballistics
55:45 Chemistry
再见也是梦
4:09 Loom
12:59 Feudal Age
12:26 Loom
14:12 Double-Bit Axe
18:05 Fletching
20:21 Castle Age
18:12 Town Watch
19:47 Fletching
19:58 Padded Archer Armor
22:50 Horse Collar
24:08 Bow Saw
24:53 Gold Mining
27:29 Gold Shaft Mining
28:41 Wheelbarrow
28:55 Ballistics
30:38 Bodkin Arrow
30:58 Leather Archer Armor
38:14 Imperial Age
37:47 Treadmill Crane
38:00 Guard Tower
38:45 Heavy Plow
44:18 Chemistry
45:01 Parthian Tactics
45:06 Pikeman
45:46 Squires
45:55 Halberdier
46:41 Scale Mail Armor
46:53 Forging
47:33 Kataparuto
47:37 Conscription
46:43 Elite Samurai
48:03 Chain Mail Armor
48:25 Iron Casting
48:10 Capped Ram
48:59 Siege Engineers
51:17 Plate Mail Armor
51:44 Arrowslits
52:12 Stone Mining
55:06 Blast Furnace
一梦千年
12:25 Feudal Age
12:14 Loom
18:01 Castle Age
16:32 Double-Bit Axe
20:12 Scale Barding Armor
20:49 Bow Saw
22:21 Horse Collar
24:46 Chain Barding Armor
29:46 Heavy Plow
34:41 Imperial Age
32:47 Wheelbarrow
31:58 Town Watch
33:17 Forging
33:00 Gold Mining
33:28 Husbandry
33:46 Hand Cart
34:41 Iron Casting
34:18 Bloodlines
34:46 Town Patrol
35:35 Plate Barding Armor
34:56 Cavalier
36:13 Stone Mining
36:58 Gold Shaft Mining
38:06 Chemistry
37:03 Murder Holes
37:29 Ballistics
38:43 Blast Furnace
37:55 Savar
39:45 Conscription
45:50 Elite War Elephant
48:15 Coinage
51:56 Banking
Connection lost

Rejoining the realm…

Still unreachable

The connection could not be restored.

Session expired

The server has moved on; the page needs a fresh start.